 Dungeon Crawl Stone Soup version 0.29.1-1-gd02db6906a (webtiles) character file.

Game seed: 16112743604955736189

1925 sankara the Cleaver (level 9, 0/81 HPs)
             Began as a Hill Orc Fighter on Oct 20, 2022.
             Was a Believer of Okawaru.
             Slain by a two-headed ogre
             ... wielding a +0 giant spiked club
              (25 damage)
             ... on level 7 of the Dungeon.
             The game lasted 00:10:08 (5005 turns).

sankara the Cleaver (Hill Orc Fighter)              Turns: 5005, Time: 00:10:08

Health: 0/81       AC: 15    Str: 19    XL:     9   Next: 17%
Magic:  7/9        EV:  9    Int:  8    God:    Okawaru [**....]
Gold:   321        SH:  6    Dex: 14    Spells: 8/8 levels left

rFire   . . .      SeeInvis .   a - +0 war axe
rCold   . . .      Faith    .   c - +0 buckler
rNeg    . . .      Spirit   .   H - +0 chain mail
rPois   .          Reflect  .   k - +0 helmet
rElec   .          Harm     .   (no cloak)
rCorr   .          Rampage  .   (no gloves)
Will    .....                   o - +0 pair of boots
Stlth   ..........              s - amulet of regeneration
HPRegen 1.03/turn               y - +4 ring of slaying
MPRegen 0.11/turn               (no ring)

@: lethally poisoned (0 -> 0), heroic
A: no striking features
a: Renounce Religion, Heroism


You were on level 7 of the Dungeon.
You worshipped Okawaru.
Okawaru was pleased with you.
You visited 2 branches of the dungeon, and saw 8 of its levels.

You collected 321 gold pieces.

Inventory:

Hand Weapons
 a - a +0 war axe (weapon)
 D - a +0 sling
 Q - a +4 whip
Missiles
 f - 7 boomerangs (quivered)
 i - 68 stones
 n - 6 atropa-tipped darts
 E - 4 curare-tipped darts
 L - 12 poisoned darts
 P - a throwing net
Armour
 b - a +0 leather armour of poison resistance
 c - a +0 buckler (worn)
 k - a +0 helmet (worn)
 o - a +0 pair of boots (worn)
 H - a +0 chain mail (worn)
Jewellery
 s - an amulet of regeneration (around neck)
 y - a +4 ring of slaying (left hand)
 I - a ring of flight
Wands
 w - a wand of roots (5)
 B - a wand of light (6)
 F - a wand of digging (3)
 G - a wand of flame (4)
 M - a wand of polymorph (8)
Scrolls
 e - 6 scrolls of identify {unknown}
 h - a scroll of silence {unknown}
 j - a scroll of fog {unknown}
 q - a scroll of amnesia {unknown}
 r - a scroll of teleportation {unknown}
 u - 2 scrolls of vulnerability {unknown}
 x - 2 scrolls of magic mapping {unknown}
 C - a scroll of acquirement {unknown}
 J - a scroll of poison {unknown}
 O - a scroll of immolation {unknown}
Potions
 d - 2 potions of might
 g - 8 potions of curing {unknown}
 l - a potion of degeneration {unknown}
 m - 2 potions of resistance {unknown}
 p - 3 potions of mutation {unknown}
 t - 2 potions of brilliance {unknown}
 v - a potion of ambrosia {unknown}
 z - 2 potions of cancellation {unknown}
 A - a potion of berserk rage {unknown}
 K - 2 potions of attraction {unknown}
 N - a potion of magic {unknown}


   Skills:
 + Level 7.8(12.8) Fighting
 * Level 10.9(15.9) Axes
 + Level 7.1(12.1) Armour
 + Level 0.0(5.0) Dodging
 - Level 4.0(9.0) Shields
 + Level 0.0 Invocations


You had 8 spell levels left.
You didn't know any spells.
Your spell library contained the following spells:

 Spells                   Type           Power      Damage    Failure   Level
 Beastly Appendage        Tmut           0%         N/A       98%         1
 Slow                     Hex            0%         N/A       98%         1
 Wereblood                Tmut           0%         N/A       99%         2
 Confusing Touch          Hex            0%         N/A       100%        3
 Dazzling Flash           Conj/Hex       0%         N/A       100%        3
 Frozen Ramparts          Ice            0%         1d1       100%        3
 Ozocubu's Armour         Ice            0%         N/A       100%        3
 Spider Form              Tmut/Pois      0%         N/A       100%        3
 Stone Arrow              Conj/Erth      0%         3d7       100%        3
 Vampiric Draining        Necr           0%         2d6       100%        3
 Ice Form                 Ice/Tmut       0%         N/A       100%        4
 Iskenderun's Mystic Bla  Conj/Tloc      0%         2d3       100%        4
 Starburst                Conj/Fire      0%         6d3       100%        6
 Ozocubu's Refrigeration  Ice            0%         4d7       100%        7
 Lehudib's Crystal Spear  Conj/Erth      0%         10d2      100%        8
 Animate Armour           Summ/Erth      Unusable   N/A       N/A         4
 Summon Ice Beast         Ice/Summ       Unusable   N/A       N/A         4

Dungeon Overview and Level Annotations

Branches:
Dungeon (7/15)             Temple (1/1) D:4

Altars:
Dithmenos
Elyvilon
Fedhas
Gozag
Hepliaklqana
Kikubaaqudgha
Makhleb
Nemelex Xobeh
Okawaru
Qazlal
Sif Muna
Vehumet
Wu Jian
Xom
Yredelemnul
Zin
The Shining One

Annotations:
D:2 Sigmund
D:4 2 transporters


Message History

The scorpion poisons you! The scorpion stings you.
You completely miss the scorpion.
The scorpion is almost dead.
You feel very sick. The scorpion barely misses you.
You closely miss the scorpion.
The scorpion is almost dead.
You feel very sick. The scorpion stings you.
You are more poisoned.
The scorpion poisons you!
You barely miss the scorpion.
The scorpion is almost dead.
You feel very sick.
The scorpion stings you but does no damage.
The scorpion attacks as you move away! You block the scorpion's attack.
You feel very sick. You block the scorpion's attack.
You gain the combat prowess of a mighty hero.
You feel very sick. The scorpion stings you.
You closely miss the scorpion.
The scorpion is almost dead.
You feel sick.
You hit the two-headed ogre.
The two-headed ogre is lightly wounded.
You feel sick.
You slash the two-headed ogre!
The two-headed ogre is moderately wounded.
You feel sick. You block the two-headed ogre's attack.
The two-headed ogre hits you with a +0 giant spiked club!
You slice the two-headed ogre!!
The two-headed ogre is severely wounded.
You feel sick.
You completely miss the two-headed ogre.
The two-headed ogre is severely wounded.
You feel sick.
The two-headed ogre hits you with a +0 giant spiked club!
The two-headed ogre hits you with a +0 giant spiked club!!
You die...

#...........
#...........
#...........
#...........
..##.../.......
....O..........
#...s....# #O#
#@#
#######[###.#
............#
#.......#####
#.......#
........#
........#
...)....#
........#


You could see a two-headed ogre and a scorpion.

Vanquished Creatures
  Pikel (D:4)
  Edmund (D:4)
  An ice beast (D:5)
  An ogre (D:5)
  3 lemures (D:4)
  A kobold brigand (D:6)
  A bullfrog (D:7)
  A gnoll sergeant (D:7)
  A necrophage (D:6)
  A scorpion (D:5)
  6 killer bees (D:7)
  A jelly (D:6)
  A hound (D:4)
  An orc priest (D:5)
  A gnoll bouda (D:7)
  An iguana (D:5)
  Ijyb (D:4)
  4 orc wizards
  Robin (D:2)
  11 adders
  9 gnolls (D:7)
  3 white imps
  3 ufetubi
  A worm (D:4)
  13 orcs
  6 endoplasms
  A giant cockroach (D:4)
  15 goblins
  10 hobgoblins
  5 ball pythons
  7 bats
  2 frilled lizards (D:1)
  11 kobolds
  4 rats
130 creatures vanquished.

Vanquished Creatures (others)
  An orc (D:4)
  3 fungi (D:6)
4 creatures vanquished.

Grand Total: 134 creatures vanquished

Notes
Turn   | Place    | Note
-------+----------+-------------------------------------------
     0 | D:1      | sankara the Hill Orc Fighter began the quest for the Orb.
     0 | D:1      | Reached XP level 1. HP: 19/19 MP: 1/1
   296 | D:1      | Reached skill level 3 in Axes
   302 | D:1      | Reached XP level 2. HP: 27/27 MP: 2/2
   983 | D:2      | Reached XP level 3. HP: 33/33 MP: 3/3
  1143 | D:2      | Noticed Sigmund
  1435 | D:2      | Noticed Robin
  1451 | D:2      | Killed Robin
  1452 | D:2      | Reached skill level 4 in Axes
  1531 | D:2      | Reached XP level 4. HP: 40/40 MP: 4/4
  2459 | D:3      | Reached XP level 5. HP: 47/47 MP: 5/5
  2879 | D:4      | Reached skill level 5 in Axes
  2894 | D:4      | Found an ornate altar of the Wu Jian Council.
  2895 | D:4      | Found a white marble altar of Elyvilon.
  3068 | D:4      | Noticed a lemure
  3068 | D:4      | Noticed a lemure
  3068 | D:4      | Noticed a lemure
  3069 | D:4      | Noticed a lemure
  3076 | D:4      | Noticed Ijyb
  3085 | D:4      | Noticed Pikel
  3086 | D:4      | Killed a lemure
  3094 | D:4      | Killed a lemure
  3099 | D:4      | Killed Ijyb
  3104 | D:4      | Killed a lemure
  3110 | D:4      | Killed Pikel
  3111 | D:4      | Reached skill level 5 in Fighting
  3111 | D:4      | Reached skill level 7 in Axes
  3111 | D:4      | Reached skill level 5 in Armour
  3111 | D:4      | Reached XP level 6. HP: 16/57 MP: 6/6
  3111 | D:4      | Reached XP level 7. HP: 17/62 MP: 7/7
  3161 | D:4      | Found a transporter.
  3220 | D:4      | Found a staircase to the Ecumenical Temple.
  3232 | D:4      | Noticed Edmund
  3235 | Temple   | Entered the Ecumenical Temple
  3339 | Temple   | Became a worshipper of Warmaster Okawaru
  3384 | D:4      | Killed Edmund
  3385 | D:4      | Reached skill level 8 in Axes
  3557 | D:4      | Found a transporter.
  3631 | D:5      | Entered Level 5 of the Dungeon
  3631 | D:5      | Found a shimmering altar of Xom.
  3704 | D:5      | Reached XP level 8. HP: 46/70 MP: 8/8
  4012 | D:5      | Reached * piety under Okawaru
  4013 | D:5      | Reached skill level 9 in Axes
  4110 | D:6      | Found a radiant altar of Vehumet.
  4295 | D:6      | Found a shimmering blue altar of Sif Muna.
  4296 | D:6      | Found a basalt altar of Yredelemnul.
  4638 | D:7      | Reached skill level 10 in Axes
  4758 | D:7      | Reached ** piety under Okawaru
  4841 | D:7      | Reached XP level 9. HP: 66/79 MP: 6/9
  4994 | D:7      | Noticed a two-headed ogre
  5005 | D:7      | Slain by a two-headed ogre

Illustrated notes

Levels and vault maps discovered:
D:1:      giann_bridges, layout_loops_corners, serial_rivers,
          chequers_serial_rivers_marsh, chequers_serial_rivers_micro_b,
          chequers_serial_rivers_small_b, chequers_serial_rivers_small_3,
          chequers_serial_rivers_small_a, chequers_serial_rivers_marsh,
          hangedman_abyss_or_decor_lesser_grid, hangedman_decor_opposing,
          minmay_misc_feat_chi
D:2:      minmay_skewed_foursquare, layout_loops_cross, uniq_sigmund, uniq_robin
D:3:      layout_basic, kennysheep_cluttered_room
D:4:      gammafunk_steamed_eel, layout_basic, mainiacjoe_overflow_divided_tiny,
          temple_pool_b, uniq_edmund, uniq_ijyb, uniq_pikel
D:5:      layout_basic, lemuel_crystal_altar
D:6:      layout_rooms, vehumet_crystals,
          chequers_temple_overflow_statue_of_worship, serial_aquarium,
          aquarium_bridge_square [aquarium_subvault_wall,
          aquarium_subvault_bridge, aquarium_subvault_bridge,
          aquarium_subvault_bridge], aquarium_bridge_island_small
          [aquarium_subvault_small_water, aquarium_subvault_bridge,
          aquarium_subvault_wall, aquarium_subvault_bridge,
          aquarium_subvault_window], aquarium_window_2, aquarium_window_1,
          aquarium_window_1, aquarium_view_2d, aquarium_view_2a
D:7:      layout_basic, slow_altar_2
Temple:   jpeg_temple_clearing

Skill      XL: |  1  2  3  4  5  6  7  8  9 |
---------------+----------------------------+-----
Axes           | 3 4 7 8 10 | 10.9
Fighting       | 4 5 6 7 |  7.8
Armour         | 4 5 6 7 |  7.1
Shields        | 4 |  4.0

Action                   |  1- 3 |  4- 6 |  7- 9 || total
-------------------------+-------+-------+-------++-------
Melee: War axe           |    79 |   116 |   187 ||   382
Invok: Heroism           |       |       |     2 ||     2
Armor: Scale mail        |    53 |    73 |       ||   126
       Chain mail        |       |       |   141 ||   141
Dodge: Dodged            |    42 |    49 |    66 ||   157
Block: Buckler           |    15 |    26 |    60 ||   101
